 Dungeon Crawl Stone Soup version 0.17.1-1-g73c8601 (webtiles) character file.

249 Flanowski the Shield-Bearer (level 5, -1/47 HPs)
             Began as a Minotaur Fighter on Dec 29, 2015.
             Slain by a killer bee (4 damage)
             ... on level 3 of the Dungeon.
             The game lasted 00:06:40 (2835 turns).

Flanowski the Shield-Bearer (Minotaur Fighter)      Turns: 2835, Time: 00:06:40

Health: -1/47      AC:  8    Str: 22    XL:     5   Next: 86%
Magic:  4/4        EV:  7    Int:  5    God:
Gold:   189        SH: 10    Dex:  9    Spells: 0 memorised, 4 levels left

rFire  . . .     SeeInvis .     g - +0 morningstar
rCold  . . .     Clarity  .     b - +0 scale mail
rNeg   . . .     SustAt   .     c - +0 shield
rPois  .         Gourm    .     (helmet restricted)
rElec  .         Spirit   .     (no cloak)
rCorr  .         Warding  .     s - +0 pair of gloves
rMut   .         Stasis   .     (no boots)
MR     .....                    (no amulet)
Stlth  ..........               (no ring)
                                (no ring)

@: lethally poisoned (-1 -> -16), not resistant to hostile enchantments,
extremely unstealthy
A: retaliatory headbutt, horns 2
a: no special abilities


You were on level 3 of the Dungeon.
You were not hungry.

You visited 1 branch of the dungeon, and saw 3 of its levels.

You collected 189 gold pieces.

Inventory:

Hand Weapons
 a - a +0 flail
 g - a +0 morningstar (weapon)
 r - a +0 whip
Armour
 b - a +0 scale mail (worn)
 c - a +0 shield (worn)
 s - a +0 pair of gloves (worn)
Jewellery
 f - a +2 ring of strength {unknown}
 h - a +4 ring of intelligence {unknown}
Scrolls
 i - a scroll of identify {unknown}
 k - a scroll of enchant armour {unknown}
 l - 2 scrolls of recharging {unknown}
 m - 2 scrolls of teleportation {unknown}
 t - 3 scrolls of blinking {unknown}
 u - a scroll of noise {unknown}
Potions
 d - a potion of might
 p - 2 potions of mutation {unknown}
 q - a potion of beneficial mutation {unknown}
Comestibles
 e - 2 bread rations
 j - 5 meat rations
 o - a beef jerky


   Skills:
 * Level 4.4 Fighting
 * Level 4.1 Maces & Flails
 * Level 5.3 Armour
 * Level 5.4 Shields


You had 4 spell levels left.
You didn't know any spells.

Dungeon Overview and Level Annotations

Branches:
Dungeon (3/15)

Altars:
Gozag
Kikubaaqudgha
Nemelex Xobeh
Qazlal


Innate Abilities, Weirdness & Mutations

You reflexively headbutt those who attack you in melee.
You have a pair of horns on your head.


Message History

The killer bee poisons you! The killer bee stings you.
* * * LOW HITPOINT WARNING * * *
You closely miss the killer bee. Your headbutt misses the killer bee.
The killer bee is moderately wounded.
* * * LOW HITPOINT WARNING * * *
You feel sick. The killer bee stings you.
* * * LOW HITPOINT WARNING * * *
You are more poisoned.
The killer bee poisons you! The killer bee barely misses you.
You block the killer bee's attack.
* * * LOW HITPOINT WARNING * * *
You feel sick. The killer bee stings you.
* * * LOW HITPOINT WARNING * * *
* * * LOW HITPOINT WARNING * * *
You feel sick. You block the killer bee's attack.
* * * LOW HITPOINT WARNING * * *
You feel sick. The killer bee stings you.
* * * LOW HITPOINT WARNING * * *
The killer bee stings you.
You die...

#.......# #####.###.# #.
######.## #.# #.# #. #.# #.#
#.# ###?### ##'## #.###.#
#.!...# ##...## #......
#.....# ##.....## #####.#
#.....## ##.......## ##.##.#
#[.....####.........####...#.#
#.........'yy@......'.........
###....####.y.......####...#.#
#.#.## ##.......## ##.##.#
#...## ##.....## ####.# #.#.
##...## #.# #... ##'## #.#
##.# #.# #.# #. #.### #.#
##...##### #.#


You could see 3 killer bees.

Vanquished Creatures
  2 orc priests (D:3)
  2 orc wizards (D:3)
  3 adders (D:2)
  3 gnolls (D:2)
  3 worms (D:3)
  A giant gecko (D:2)
  11 orcs (D:3)
  A ball python (D:3)
  8 bats
  A giant cockroach (D:3)
  7 goblins
  4 hobgoblins (D:3)
  6 jackals
  6 kobolds
  A giant newt (D:3)
  4 rats
63 creatures vanquished.

Notes
Turn   | Place    | Note
--------------------------------------------------------------
     0 | D:1      | Flanowski the Minotaur Fighter began the quest for the Orb.
     0 | D:1      | Reached XP level 1. HP: 19/19 MP: 0/0
   244 | D:1      | Reached XP level 2. HP: 24/27 MP: 1/1
   459 | D:1      | Reached skill level 4 in Armour
   527 | D:2      | Reached XP level 3. HP: 9/33 MP: 2/2
   827 | D:2      | Found an opulent altar of Gozag.
   832 | D:2      | Found a stormy altar of Qazlal.
   929 | D:2      | Found a sparkling altar of Nemelex Xobeh.
  1209 | D:2      | Reached XP level 4. HP: 40/40 MP: 3/3
  1428 | D:3      | Found a faded altar to an unknown god.
  1690 | D:3      | Reached XP level 5. HP: 25/47 MP: 4/4
  1703 | D:3      | Reached skill level 5 in Armour
  1703 | D:3      | Reached skill level 5 in Shields
  2090 | D:3      | Found an ancient bone altar of Kikubaaqudgha.
  2826 | D:3      | HP: 2/47 [killer bee (6)]
  2835 | D:3      | Slain by a killer bee

Action                   |  1- 3 |  4- 6 || total
-------------------------+-------+-------++-------
Melee: Flail             |    54 |    91 ||   145
       Morningstar       |       |    39 ||    39
  Use: Potion            |       |     4 ||     4
  Eat: Chunk             |     1 |     5 ||     6
